Map: Pillars of Gold LE

Players

starcris

  • Race: Terran Terran
  • League: Silver
  • Spawn Location: 1:00

Swanky - Winner!

  • Race: Terran Terran
  • League: Silver
  • Spawn Location: 7:00

VOD

Have the link to the VOD?

Description

TvT

Time

  • Played on: July 31, 2020, 4:27 p.m.
  • Length: 6:22
Show
View Real Time Build Order
Export as new Build Order

starcris Terran 

Build Orders: 2 Factory 

Get SALT Encoding   

  12  0:10  SCV  
  13  0:22  SCV  
  14  0:28  Supply Depot  
  14  0:30  Refinery  
  14  0:34  SCV  
  15  0:47  Refinery  
  15  0:52  Barracks  
  15  0:55  SCV  
  16  1:09  SCV, Supply Depot  
  17  1:21  SCV  
  18  1:38  SCV  
  19  1:42  Factory  
  19  1:45  Barracks Reactor  
  19  1:50  SCV  
  20  2:02  SCV  
  21  2:08  Factory  
  21  2:18  Engineering Bay  
  21  2:21  SCV  
  22  2:37  SCV, Barracks Tech Lab  
  23  2:47  Widow Mine x2  
  23  2:49  SCV  
  28  2:58  Missile Turret  
  28  3:01  SCV  
  29  3:15  Starport, Barracks Reactor, SCV  
  30  3:41  Orbital Command  
  30  3:52  Supply Depot  
  30  3:58  Supply Depot  
  30  4:01  Widow Mine  
  31  4:05  Widow Mine  
  31  4:08  Siege Tank  
  27  4:22  Widow Mine  
  25  4:26  Widow Mine  
Show
View Real Time Build Order
Export as new Build Order

Swanky Terran - Winner!

Build Orders:  

Get SALT Encoding   

  12  0:01  SCV  
  13  0:19  SCV, Supply Depot  
  14  0:44  Barracks  
  14  0:51  Barracks  
  14  0:57  SCV  
  15  1:09  Barracks  
  15  1:18  Supply Depot  
  15  1:30  Refinery  
  15  1:38  Refinery  
  15  1:46  Marine  
  16  2:10  Orbital Command  
  16  2:17  Supply Depot  
  16  2:21  Reaper  
  17  2:24  Reaper  
  18  2:33  Reaper  
  19  2:49  Bunker  
  19  2:54  Reaper  
  20  3:08  Reaper  
  20  3:09  Reaper  
  22  3:26  Reaper  
  23  3:40  Reaper  
  24  3:41  Reaper  
  24  4:20  Reaper x2  
  24  4:21  Reaper  
  26  4:52  Reaper  
  25  5:12  Reaper x2  
  24  5:24  Reaper  
  25  5:41  Factory  
  25  5:44  Reaper, Marine  
  27  5:56  Marine  
  25  6:01  Marine  
Tags
 
Matchup
TvT
Opening
2 Factory
Race
Terran
Spawn Locations
Cross Positions
Add a new tag
Caveats
  • Supply blocks, unpowered buildings, or Contaminate may cause inaccurate times.
  • Supply counts are checked every 10 seconds.